 Dungeon Crawl Stone Soup version 0.19-a0-1932-g59670f6 (webtiles) character file.

214 Ijustatesigmund the Cudgeler (level 5, 0/47 HPs)
             Began as a Minotaur Wizard on Oct 25, 2016.
             Slain by a quasit (2 damage)
             ... summoned by Eustachio
             ... on level 4 of the Dungeon.
             The game lasted 00:10:51 (3681 turns).

Ijustatesigmund the Cudgeler (Minotaur Wizard)      Turns: 3681, Time: 00:10:53

Health: 0/47       AC:  5    Str: 12      XL:     5   Next: 60%
Magic:  5/7        EV: 17    Int: 15      God:
Gold:   129        SH:  0    Dex: 12 (14) Spells: 3 memorised, 3 levels left

rFire  . . .     SeeInvis .     h - +1 whip
rCold  . . .     Gourm    .     g - +1 leather armour (curse)
rNeg   . . .     Faith    .     (no shield)
rPois  .         Spirit   .     b - +0 hat
rElec  .         Reflect  .     (no cloak)
rCorr  .         Harm     .     f - +0 pair of gloves
MR     .....                    (no boots)
Stlth  ++........               (no amulet)
                                (no ring)
                                l - ring of flight

@: agile, very slightly contaminated, repel missiles
A: retaliatory headbutt, horns 2
a: Evoke Flight


You were on level 4 of the Dungeon.
You were not hungry.

You visited 1 branch of the dungeon, and saw 4 of its levels.

You collected 129 gold pieces.

Inventory:

Hand Weapons
 h - a +1 whip (weapon)
Missiles
 a - 2 tomahawks (quivered)
Armour
 b - a +0 hat (worn)
 f - a +0 pair of gloves (worn)
 g - a cursed +1 leather armour (worn)
Jewellery
 l - a ring of flight (left hand)
Scrolls
 k - a scroll of fog {unknown}
Potions
 i - a potion of flight
Books
 c - a book of Minor Magic

   Spells                             Type                      Level
   a - Magic Dart                     Conjuration                  1
   b - Blink                          Translocation                2
   c - Call Imp                       Summoning                    2
   d - Repel Missiles                 Charms/Air                   2
   e - Slow                           Hexes                        2
   f - Conjure Flame                  Conjuration/Fire             3
   g - Mephitic Cloud                 Conjuration/Poison/Air       3
Comestibles
 d - 5 bread rations
 j - 3 meat rations
 n - 2 chunks of flesh


   Skills:
 + Level 4.4 Fighting
 + Level 4.6 Maces & Flails
 - Level 2.1 Dodging
 - Level 1.5 Stealth
 - Level 2.1 Spellcasting
 - Level 0.6 Conjurations
   Level 0.6 Summonings
 - Level 0.6 Translocations


You had 3 spell levels left.
You knew the following spells:

 Your Spells              Type           Power        Failure   Level  Hunger
a - Magic Dart            Conj           #...         24%         1    #......
b - Blink                 Tloc           N/A          34%         2    ###....
c - Repel Missiles        Chrm/Air       #.....       41%         2    ###....


Dungeon Overview and Level Annotations

Branches:
Dungeon (4/15)
 Temple: D:4-7

Altars:

Annotations:
D:4 Eustachio


Innate Abilities, Weirdness & Mutations

You reflexively headbutt those who attack you in melee.
You have a pair of horns on your head.


Message History

The quasit bites you.
* * * LOW HITPOINT WARNING * * *
The quasit claws you but does no damage.
The quasit misses you.
Eustachio says, "My allies will avenge me."
Eustachio casts a spell.
The quasit bites you but does no damage.
The quasit completely misses you. x2
You closely miss Eustachio.
Eustachio is almost dead.
The quasit bites you but does no damage.
The quasit barely misses you. The quasit closely misses you.
The quasit bites you but does no damage.
The quasit barely misses you. The quasit completely misses you.
Eustachio screams, "At last I'll have my revenge!"
Eustachio casts a spell.
Eustachio blinks!
The quasit bites you but does no damage.
The quasit closely misses you. The quasit claws you.
You die...

## #. ... #.
...##.
....#+####
#.......#
#...5...#
#@((@...#
#..ยง55..#
#..(...!#
#..(....#
#.......#
####.......#
#......#.####
#.###..#.######
#..........#


You could see Eustachio, 2 quasits and a white imp.

Vanquished Creatures
  A hound (D:4)
  An orc wizard (D:3)
  9 adders
  A worm (D:2)
  A dart slug (D:2)
  4 leopard geckos
  3 orcs (D:3)
  4 bats
  3 giant cockroaches
  7 goblins
  6 hobgoblins
  8 jackals
  A quokka (D:3)
  A ball python (D:2)
  5 frilled lizards
  11 kobolds
  5 rats
71 creatures vanquished.

Notes
Turn   | Place    | Note
-------+----------+-------------------------------------------
     0 | D:1      | Ijustatesigmund the Minotaur Wizard began the quest for the Orb.
     0 | D:1      | Reached XP level 1. HP: 14/14 MP: 2/2
   215 | D:1      | Reached skill level 1 in Fighting
   219 | D:1      | Reached skill level 1 in Maces & Flails
   508 | D:1      | Reached XP level 2. HP: 23/23 MP: 4/4
  1485 | D:2      | Reached XP level 3. HP: 20/29 MP: 0/5
  1872 | D:2      | Learned a level 2 spell: Blink
  1875 | D:2      | Learned a level 2 spell: Repel Missiles
  2145 | D:2      | Reached XP level 4. HP: 31/38 MP: 6/6
  3206 | D:2      | Reached XP level 5. HP: 42/46 MP: 7/7
  3611 | D:4      | Noticed Eustachio
  3680 | D:4      | HP: 2/47 [quasit[Eustachio] (2)]
  3681 | D:4      | Slain by a quasit

Vault maps used:
D:1:      minmay_arrival_semitransparent, minmay_heptomino_l4
D:4:      serial_shops, shop, uniq_robin, uniq_eustachio

Skill      XL: |  1  2  3  4  5 |
---------------+----------------+-----
Fighting       | 1 2 3 4 |  4.4
Maces & Flails | 1 2 3 4 |  4.6
Dodging        | |  2.1
Stealth        | |  1.5
Spellcasting   | |  2.1
Conjurations   | |  0.6
Summonings     | |  0.6
Translocations | |  0.6

Action                   |  1- 3 |  4- 6 || total
-------------------------+-------+-------++-------
Melee: Club              |    20 |       ||    20
       Headbutt          |    12 |    18 ||    30
       Whip              |    98 |   133 ||   231
Throw: Tomahawk          |       |     5 ||     5
 Cast: Magic Dart        |    31 |    34 ||    65
       Repel Missiles    |     1 |       ||     1
  Use: Scroll            |     4 |     6 ||    10
       Potion            |     1 |     2 ||     3
  Eat: Chunk             |     5 |     4 ||     9
       Beef jerky        |       |     1 ||     1
Armor: Leather armour    |    34 |    90 ||   124
       Robe              |     1 |       ||     1
Dodge: Dodged            |    57 |   173 ||   230
